 Dungeon Crawl Stone Soup version 0.31.0-32-g396128a36d (webtiles) character file.

Game seed: 12234158667361763930

2 Eli the Firebug (level 1, -4/14 HPs)
             Began as a Demonspawn Fire Elementalist on Apr 4, 2024.
             Slain by a ribbon worm (7 damage)
             ... on level 1 of the Dungeon.
             The game lasted 00:03:12 (209 turns).

Eli the Firebug (Demonspawn Fire Elementalist)       Turns: 209, Time: 00:03:12

Health: -4/14      AC:  2    Str:  8    XL:     1   Next: 33%
Magic:  0/3        EV: 12    Int: 15    God:
Gold:   0          SH:  0    Dex: 13    Spells: 3/4 levels left

rFire   . . .        (no weapon)
rCold   . . .        (no shield)
rNeg    . . .        a - +0 robe
rPois   .            (no helmet)
rElec   .            (no cloak)
rCorr   .            (no gloves)
SInv    .            (no boots)
Will    .....        (no amulet)
Stlth   ++           (no ring)
HPRegen 0.22/turn    (no ring)
MPRegen 0.08/turn

%: no passive effects
@: very slightly contaminated
A: no striking features
a: no special abilities


You were on level 1 of the Dungeon.
You visited 1 branch of the dungeon, and saw 1 of its levels.

Inventory:

Armour
 a - a +0 robe (worn)
Scrolls
 c - a scroll of teleportation {unknown}
Potions
 b - a potion of magic


   Skills:
 * Level 0.5 Fighting
 - Level 1.7 Dodging
 - Level 1.7 Stealth
 - Level 2.0 Spellcasting
 + Level 1.1 Conjurations
 - Level 2.6 Fire Magic


You had 3 spell levels left.
You knew the following spells:

 Your Spells              Type           Power      Damage    Failure   Level
x - Foxfire               Conj/Fire      28%        2x1d5     11%         1

Your spell library contained the following spells:

 Spells                   Type           Power      Damage    Failure   Level
 Scorch                   Fire           18%        2d5       11%         2
 Inner Flame              Hex/Fire       5%         N/A       36%         3
 Volatile Blastmotes      Fire/Tloc      10%        2d10      36%         3
 Flame Wave               Conj/Fire      7%         2d5       71%         4


Dungeon Overview and Level Annotations

Branches:
Dungeon (1/15)

Altars:


Message History

You start resting.
Magic restored.
You start resting.
HP restored.
You open the door.
The ribbon worm expels a string of sticky webbing.
The stream of webbing hits you but does no damage.
You are caught in a web!
You are caught in a web!
You conjure some foxfire!
You conjure some foxfire!
The foxfire hits the ribbon worm.
The ribbon worm is lightly wounded.
The foxfire hits the ribbon worm.
The ribbon worm is moderately wounded.
You miscast Foxfire.
You are very lightly contaminated with residual magic.
Nothing appears to happen.
The foxfire hits the ribbon worm.
The ribbon worm is moderately wounded.
The foxfire hits the ribbon worm.
The ribbon worm is heavily wounded.
The ribbon worm bites you.
The web tears apart.
The ribbon worm expels a string of sticky webbing.
The stream of webbing misses you.
You hit the ribbon worm.
The ribbon worm is heavily wounded.
The ribbon worm bites you but does no damage.
You hit the ribbon worm.
The ribbon worm is heavily wounded.
The ribbon worm bites you.
You hit the ribbon worm but do no damage.
The ribbon worm is moderately wounded.
You barely miss the ribbon worm.
The ribbon worm is moderately wounded.
The ribbon worm bites you.
* * * LOW HITPOINT WARNING * * *
The ribbon worm attacks as it pursues you!
The ribbon worm bites you!
Ouch! That really hurt!
You die...

..##........# .......
......#[###.# ^^....# ..###.#.#
#.# .....# ..# #.#.###.# ....#
..# #w#...#.# ######..# ..#
#.###.#.# ##.....## ..#
#.###.#.# ##.......##
..###.......###.........####...
.##...........'w@.......'...>..
#.######...####.........####...
..# ##.## ##.......## ### #.#
##.....## ... ##...## .....
##'## #...... #.# #....... #.#
#...... ...


You could see a ribbon worm (catching breath).

Vanquished Creatures
  An endoplasm (D:1)
  2 frilled lizards (D:1)
3 creatures vanquished.

Vanquished Creatures (others)
  21 foxfires (D:1)
21 creatures vanquished.

Grand Total: 24 creatures vanquished

Notes
Turn   | Place    | Note
-------+----------+-------------------------------------------
     0 | D:1      | Eli the Demonspawn Fire Elementalist began the quest for
                  | the Orb.
     0 | D:1      | Reached XP level 1. HP: 13/13 MP: 3/3
   209 | D:1      | Slain by a ribbon worm

Illustrated notes

Levels and vault maps discovered:
D:1:      matt_arrival_grand_opening, layout_loops_corners,
          hellmonk_ecumenical_altar_dog_temple, minmay_misc_feat_rugged,
          minmay_misc_feat_five, nicolae_wormholes

Action                     || total
---------------------------++-------
  Melee: Unarmed           ||    10
   Cast: Foxfire           ||    12
 Armour: Robe              ||     9
  Dodge: Dodged            ||     6
